 Dungeon Crawl Stone Soup version 0.28-b1-25-g9875b3fc8c (webtiles) character file.

Game seed: 1793844117136401251

62640 Minsecho the Bludgeoner (level 15, -12/163 HPs)
             Began as an Ogre Arcane Marksman on Feb 1, 2022.
             Was a High Priest of Okawaru.
             Constricted to death by a shambling mangrove (18 damage)
             ... on level 1 of the Swamp.
             The game lasted 01:01:33 (29410 turns).

Minsecho the Bludgeoner (Ogre Arcane Marksman)     Turns: 29410, Time: 01:01:35

Health: -12/163    AC: 15    Str: 22    XL:     15   Next: 7%
Magic:  31/31      EV: 14    Int: 18    God:    Okawaru [*****.]
Gold:   1751       SH:  0    Dex: 11    Spells: 7/17 levels left

rFire   . . .      SeeInvis .   R - +9 giant spiked club (vorpal)
rCold   + . .      Faith    +   (shield currently unavailable)
rNeg    . . .      Spirit   .   a - +2 swamp dragon scales of a Labyrinth {+Inv rPois MP+9 Int+4}
rPois   +          Reflect  .   (helmet restricted)
rElec   .          Harm     .   s - +0 cloak
rCorr   .          Rampage  .   (gloves unavailable)
Will    +....                   (boots unavailable)
Stlth   +.........              v - amulet of faith
HPRegen 0.37/turn               d - +4 ring of evasion
MPRegen 0.22/turn               u - ring of protection from cold

@: confused, heroic, finesse-ful, ambrosia-drunk, grasped by roots, constricted,
studying Ice Magic, very slow
A: large, unfitting armour, tough skin 1
a: Renounce Religion, Evoke Invisibility, Heroism, Finesse, Duel


You were on level 1 of the Swamp.
You worshipped Okawaru.
Okawaru was extremely pleased with you.
You visited 4 branches of the dungeon, and saw 19 of its levels.
You also visited: Ossuary.

You collected 1751 gold pieces.

Inventory:

Hand Weapons
 l - the +6 flail of Income {holy, Str+4 Dex+3}
   (You took it off a goblin on level 2 of the Dungeon)

   It has been blessed by the Shining One to cause great damage to the undead
   and demons.
   Str:       It affects your strength (+4).
   Dex:       It affects your dexterity (+3).
 E - the +5 great mace of the Pit {vorpal, Dex+5}
   (You found it on level 9 of the Dungeon)

   It inflicts extra damage upon your enemies.
   Dex:       It affects your dexterity (+5).
 R - a +9 vorpal giant spiked club (weapon)
 Z - the +5 hunting sling "Jeromuhu" {speed, rElec rN++}
   (Okawaru gifted it to you on level 1 of the Lair of Beasts)

   Attacks with this weapon are significantly faster.
   rElec:     It insulates you from electricity.
   rN:        It greatly protects you from negative energy.
Missiles
 c - 57 sling bullets
 i - a throwing net
 j - 6 atropa-tipped darts
 r - 39 poisoned darts
 y - 7 silver javelins
 H - 2 boomerangs of dispersal
 M - 14 large rocks (quivered)
 V - 5 curare-tipped darts
Armour
 a - the +2 swamp dragon scales of a Labyrinth (worn) {+Inv rPois MP+9 Int+4}
   (Okawaru gifted it to you on level 10 of the Dungeon)

   Int:       It affects your intelligence (+4).
   rPois:     It protects you from poison.
   MP:        It affects your magic capacity (+9).
   +Inv:      It lets you turn invisible.
 s - a +0 cloak (worn)
Magical Staves
 F - a staff of cold
Jewellery
 d - a +4 ring of evasion (left hand)
 u - a ring of protection from cold (right hand)
 v - an amulet of faith (around neck)
 D - an amulet of guardian spirit
 K - a ring of ice
Wands
 t - a wand of mindburst (22)
 T - a wand of polymorph (2)
Scrolls
 b - 2 scrolls of silence {unknown}
 f - 2 scrolls of enchant armour {unknown}
 m - 5 scrolls of immolation
 o - 2 scrolls of magic mapping
 p - 2 scrolls of teleportation
 w - 2 scrolls of holy word {unknown}
 C - 4 scrolls of noise {unknown}
 J - a scroll of torment {unknown}
 N - 2 scrolls of amnesia {unknown}
 S - a scroll of vulnerability {unknown}
 X - 2 scrolls of blinking {unknown}
 Y - 2 scrolls of fog {unknown}
Potions
 e - 3 potions of ambrosia
 g - 5 potions of degeneration
 h - 2 potions of invisibility
 q - 4 potions of might
 x - a potion of magic
 z - 2 potions of brilliance
 A - 4 potions of lignification
 B - a potion of haste
 G - 3 potions of resistance
 I - 4 potions of attraction
 L - a potion of mutation
 Q - 5 potions of curing
Miscellaneous
 U - a lightning rod (4/4)


   Skills:
 + Level 14.0(19.0) Fighting
 - Level 0.2(16.1) Axes
 + Level 15.7(20.7) Maces & Flails
 + Level 6.2(11.2) Throwing
 + Level 6.3(11.3) Armour
 + Level 8.1(13.1) Dodging
 + Level 1.7 Spellcasting
 + Level 3.5 Hexes
 + Level 0.2 Transmutations
 * Level 4.3 Ice Magic
 * Level 10.4 Invocations
 + Level 1.8 Evocations


You had 7 spell levels left.
You knew the following spells:

 Your Spells              Type           Power      Damage    Failure   Level
a - Slow                  Hex            56%        N/A       6%          1
b - Blink                 Tloc           2%         N/A       38%         2
c - Ensorcelled Hibernat  Hex/Ice        30%        N/A       9%          2
d - Passwall              Tmut/Erth      1%         N/A       36%         2
e - Frozen Ramparts       Ice            34%        1d5       13%         3

Your spell library contained the following spells:

 Spells                   Type           Power      Damage    Failure   Level
 Freeze                   Ice            68%        1d8       4%          1
 Apportation              Tloc           2%         N/A       26%         1
 Sandblast                Erth           2%         2d4       26%         1
 Inner Flame              Hex/Fire       7%         N/A       36%         3
 Portal Projectile        Hex/Tloc       14%        N/A       36%         3
 Cause Fear               Hex            7%         N/A       54%         4
 Stone Arrow              Conj/Erth      2%         3d7       63%         3
 Swiftness                Air            1%         N/A       63%         3
 Hailstorm                Conj/Ice       9%         3d4       73%         4
 Alistair's Intoxication  Tmut/Pois      0%         N/A       100%        5
 Fireball                 Conj/Fire      0%         3d3       100%        5
 Iskenderun's Battlesphe  Conj           1%         2d6       100%        5
 Manifold Assault         Tloc           1%         N/A       100%        5
 Conjure Ball Lightning   Conj/Air       0%         3x3d6     100%        6
 Orb of Destruction       Conj           0%         9d5       100%        7
 Storm Form               Tmut/Air       0%         N/A       100%        7
 Animate Skeleton         Necr           Unusable   N/A       N/A         1
 Summon Small Mammal      Summ           Unusable   N/A       N/A         1
 Summon Guardian Golem    Hex/Summ       Unusable   N/A       N/A         3
 Spellforged Servitor     Conj/Summ      Unusable   N/A       N/A         7

Dungeon Overview and Level Annotations

Branches:
Dungeon (11/15)            Temple (1/1) D:4            Lair (6/6) D:10
  Swamp (1/4) Lair:3        Snake (0/4) Lair:3        Slime (0/5) Lair:5
Ossuary (visited)
    Orc: D:9-12

Altars:
Ashenzari
Cheibriados
Dithmenos
Elyvilon
Fedhas
Gozag
Hepliaklqana
Kikubaaqudgha
Makhleb
Nemelex Xobeh
Okawaru
Qazlal
Ru
Sif Muna
Trog
Uskayaw
Vehumet
Wu Jian
Xom
Yredelemnul
Zin
The Shining One
Beogh

Shops:
D:5 *   D:7 *   D:9 :   D:11 [

Annotations:
D:7 3 runed translucent doors, mrw3rdna's ghost, novice DsAK


Innate Abilities, Weirdness & Mutations

You are too large for most types of armour.
You have tough skin. (AC +1)


Message History

The alligator barely misses you. The alligator misses you.
The swamp worm bites you but does no damage.
You can now deal lightning-fast blows.
The alligator misses you. The alligator tail-slaps you.
* * * LOW HITPOINT WARNING * * *
The swamp worm closely misses you.
You bludgeon the alligator!!
The alligator is almost dead.
You skewer the alligator like a kebab!!!
You kill the alligator!
Okawaru accepts your kill. The swamp worm bites you.
* * * LOW HITPOINT WARNING * * *
An alligator comes into view.
Found 10 stones.
Found an escape hatch in the floor.
You see here an alligator corpse.
The swamp worm fires a harpoon shot at you.
The harpoon shot hits you!!
* * * LOW HITPOINT WARNING * * *
You are yanked forward by the harpoon shot.
You feel better.
You are no longer corroded.
The swamp worm bites you!
* * * LOW HITPOINT WARNING * * *
Okay, then.
Unknown command.
You are confused.
You feel invigorated. The swamp worm barely misses you.
The alligator puts on a burst of speed!
The alligator completely misses you. x2
You bludgeon the swamp worm!!
The swamp worm is severely wounded.
The swamp worm completely misses you.
You enter the shallow water.
Moving in this stuff is going to be slow.
The alligator bites you!
* * * LOW HITPOINT WARNING * * *
The alligator closely misses you.
Roots burst forth from the earth!
The grasping roots grab you! The grasping roots constrict you!!
You die...

≈≈≈≈♣♣
.≈.≈.≈....... .≈≈≈♣
......≈≈≈... .....≈
≈≈...≈≈≈... .......
≈≈§..≈≈≈.≈ ..≈§≈..
≈≈≈≈≈≈≈≈.♣♣ ..§≈
≈≈≈≈≈≈≈≈.≈♣ .
≈≈≈≈≈≈≈..♣
≈§≈§≈≈§≈w♣♣ ≈
≈..$≈≈≈@t†♣♣♣♣♣♣.≈≈
.≈..§≈≈≈≈♣fi.≈≈≈.≈≈
≈≈..≈≈≈≈.♣w≈≈≈≈≈..≈
≈.♣≈.≈≈≈.♣♣♣≈...≈(.
≈....≈≈≈.≈ .≈♣♣...
....>≈≈≈... ♣♣♣ ≈≈
§..♣.≈≈≈.≈§
≈..≈..§.(♣♣♣ ♣...≈≈


You could see a shambling mangrove, an alligator (swift), a spriggan rider and a
swamp worm.

Vanquished Creatures
  A thorn hunter (Swamp:1)
  10 hydras
  Harold (D:8)
  3 boulder beetles
  A catoblepas (Lair:6)
  3 two-headed ogres
  A deep troll shaman (Lair:6)
  17 death yaks
  An alligator (Swamp:1)
  Nergalle (Lair:3)
  A skeletal warrior (D:11)
  A bog body (D:11)
  A lindwurm (Lair:6)
  An ugly thing (D:11)
  3 oklob plants (Lair:5)
  A cyclops (D:11)
  14 elephants
  4 black mambas
  Joseph (D:9)
  An ice statue (D:11)
  A kobold demonologist (D:8)
  An unseen horror (D:11)
  7 rime drakes
  8 cane toads
  An ice devil (D:11)
  8 komodo dragons
  A queen bee (Lair:3)
  5 polar bears
  2 hornets
  A troll (D:9)
  3 blink frogs (Lair:3)
  47 yaks
  A spriggan (Swamp:1)
  4 wyverns
  3 basilisks
  2 steam dragons
  3 vampire mosquitoes (Lair:3)
  A naga (Lair:3)
  2 acid dragons
  10 water moccasins
  A swamp drake (Swamp:1)
  A sky beast (D:5)
  5 black bears
  A hornet zombie (D:7)
  4 orc warriors
  3 ice beasts
  A necrophage (D:5)
  4 centaurs
  30 wolves
  An ogre (D:6)
  3 elf zombies (Ossuary)
  2 phantoms (D:5)
  3 kobold brigands
  13 bullfrogs
  A scorpion (D:7)
  A two-headed ogre simulacrum (D:11)
  3 jellies
  A water moccasin skeleton (D:6)
  33 killer bees
  A howler monkey (D:9)
  11 wights
  7 electric eels
  2 bullfrog zombies
  12 centaur zombies
  An iron imp (D:6)
  2 orc priests (D:10)
  A centaur skeleton (D:7)
  A human zombie (Ossuary)
  3 hounds
  Jessica (D:2)
  3 iguanas
  7 orc wizards
  A spriggan simulacrum (D:11)
  A wolf simulacrum (D:11)
  2 hound zombies (Ossuary)
  2 hound skeletons (D:4)
  3 mummies (Ossuary)
  2 howler monkey zombies
  6 adders
  A naga simulacrum (D:11)
  3 white imps
  An ufetubus (D:5)
  4 adder zombies (Ossuary)
  2 worms
  3 dart slugs
  28 orcs
  4 ball pythons
  6 endoplasms
  7 goblins
  9 hobgoblins
  3 jackals (D:4)
  6 bats
  4 goblin zombies (Ossuary)
  4 hobgoblin zombies (Ossuary)
  A jackal zombie (Ossuary)
  13 kobolds
  3 kobold zombies (Ossuary)
  3 orc zombies (Ossuary)
  4 quokka zombies (Ossuary)
  4 rats
  3 rat zombies (Ossuary)
  A briar patch (Swamp:1)
475 creatures vanquished.

Vanquished Creatures (others)
  2 bloated husks (Swamp:1)
  An orc wizard (D:6)
  2 orcs (D:6)
  A kobold (D:8)
  9 fungi
  32 plants
47 creatures vanquished.

Grand Total: 522 creatures vanquished

Notes
Turn   | Place    | Note
-------+----------+-------------------------------------------
     0 | D:1      | Minsecho the Ogre Arcane Marksman began the quest for the
                  | Orb.
     0 | D:1      | Reached XP level 1. HP: 19/19 MP: 2/2
   347 | D:1      | Reached XP level 2. HP: 27/27 MP: 3/3
  1004 | D:2      | Found a faded altar of an unknown god.
  1487 | D:2      | Identified the +6 flail of Income {holy, Str+4 Dex+3}
  1560 | D:2      | Reached XP level 3. HP: 31/33 MP: 4/4
  1675 | D:2      | Noticed Jessica
  1687 | D:2      | Killed Jessica
  2025 | D:3      | Reached XP level 4. HP: 42/42 MP: 5/5
  2371 | D:3      | Reached XP level 5. HP: 45/50 MP: 6/6
  2511 | D:4      | Reached skill level 1 in Maces & Flails
  2652 | D:4      | Reached skill level 2 in Maces & Flails
  2652 | D:4      | Reached XP level 6. HP: 43/59 MP: 7/7
  2779 | D:4      | Found a white marble altar of Elyvilon.
  2847 | D:4      | Found a bloodstained altar of Trog.
  3045 | D:4      | Found a staircase to the Ecumenical Temple.
  3101 | Temple   | Entered the Ecumenical Temple
  3196 | Temple   | Became a worshipper of Warmaster Okawaru
  3226 | D:4      | Learned a level 2 spell: Blink
  3448 | D:4      | Noticed a black bear
  3540 | D:4      | Killed a black bear
  3541 | D:4      | Reached skill level 3 in Maces & Flails
  3568 | D:4      | Reached XP level 7. HP: 67/67 MP: 8/8
  3708 | D:5      | Entered Level 5 of the Dungeon
  3902 | D:5      | Reached * piety under Okawaru
  3903 | D:5      | Reached skill level 4 in Maces & Flails
  4171 | D:5      | Found Qoruthax's Assorted Antiques.
  4310 | D:5      | Reached skill level 5 in Maces & Flails
  4310 | D:5      | Reached XP level 8. HP: 75/79 MP: 9/9
  4976 | D:5      | Found a stormy altar of Qazlal.
  5026 | D:5      | Reached skill level 5 in Fighting
  5082 | D:6      | Reached skill level 6 in Maces & Flails
  5085 | D:6      | Reached ** piety under Okawaru
  5320 | D:6      | Found a radiant altar of Vehumet.
  5498 | D:6      | Found a sand-covered staircase.
  5503 | Ossuary  | Entered an ossuary
  5557 | Ossuary  | Reached XP level 9. HP: 88/89 MP: 10/10
  5630 | Ossuary  | Reached skill level 7 in Maces & Flails
  6289 | D:6      | Reached *** piety under Okawaru
  6544 | D:6      | Found a snail-covered altar of Cheibriados.
  6714 | D:7      | Reached skill level 8 in Maces & Flails
  6847 | D:7      | You fall into a shaft and drop 1 floor!
  7002 | D:8      | Noticed Harold
  7017 | D:8      | Killed Harold
  7017 | D:8      | Received a gift from Okawaru
  7088 | D:8      | Reached skill level 9 in Maces & Flails
  7120 | D:8      | Learned a level 2 spell: Ensorcelled Hibernation
  7123 | D:8      | Reached **** piety under Okawaru
  7146 | D:8      | Reached XP level 10. HP: 100/104 MP: 11/11
  7347 | D:8      | Learned a level 2 spell: Passwall
  7479 | D:8      | Reached skill level 5 in Dodging
  7677 | D:8      | Found an ornate altar of the Wu Jian Council.
  7977 | D:9      | Identified the +5 great mace of the Pit {vorpal, Dex+5}
  7982 | D:9      | Found a burning altar of Makhleb.
  7984 | D:9      | Found a sparkling altar of Nemelex Xobeh.
  7999 | D:9      | Noticed Joseph
  8013 | D:9      | Found a basalt altar of Yredelemnul.
  8013 | D:9      | Found Hatu Mik's Book Shop.
  8314 | D:10     | Entered Level 10 of the Dungeon
  9008 | D:7      | Reached skill level 5 in Throwing
  9381 | D:7      | Found a runed translucent gate.
  9382 | D:7      | Found a runed translucent gate.
  9382 | D:7      | Identified the +10 plate armour of Kory {rPois rC- rCorr
                  | Str+7}
  9382 | D:7      | Noticed mrw3rdna's ghost (novice DsAK)
  9383 | D:7      | Found a runed translucent gate.
  9399 | D:7      | Reached ***** piety under Okawaru
  9400 | D:7      | Reached skill level 10 in Maces & Flails
  9600 | D:7      | Found Seleon's Fire Supplies.
 10544 | D:7      | Identified the +0 ring mail of Limited Liability {Rampage
                  | +Blink rPois SInv}
 10649 | D:9      | Noticed a kobold demonologist
 10832 | D:9      | Noticed an orange demon
 10834 | D:9      | Noticed a soul eater
 11225 | D:9      | Noticed a two-headed ogre
 11238 | D:9      | Killed a two-headed ogre
 11238 | D:9      | Identified the +1 long sword of Edeorri {protect, Str+3}
                  | (Okawaru gifted it to you on level 9 of the Dungeon)
 11238 | D:9      | Received a gift from Okawaru
 11239 | D:9      | Reached skill level 1 in Invocations
 11640 | D:8      | Killed a kobold demonologist
 11641 | D:8      | Reached XP level 11. HP: 115/115 MP: 13/13
 11969 | D:9      | Killed Joseph
 11970 | D:9      | Reached skill level 1 in Evocations
 12595 | D:10     | Noticed a death yak
 12616 | D:10     | Killed a death yak
 12643 | D:10     | Noticed a death yak
 12643 | D:10     | Noticed a death yak
 12644 | D:10     | Noticed a death yak
 12647 | D:10     | Noticed a death yak
 12655 | D:10     | Killed a death yak
 12655 | D:10     | Received a gift from Okawaru
 12656 | D:10     | Reached skill level 10 in Fighting
 12658 | D:10     | Killed a death yak
 12659 | D:10     | Reached skill level 1 in Armour
 12670 | D:10     | Killed a death yak
 12670 | D:10     | Identified the +2 swamp dragon scales of a Labyrinth {+Inv
                  | rPois MP+9 Int+4} (Okawaru gifted it to you on level 10 of
                  | the Dungeon)
 12670 | D:10     | Received a gift from Okawaru
 12671 | D:10     | Reached skill level 11 in Maces & Flails
 12681 | D:10     | Killed a death yak
 12831 | D:10     | Found a staircase to the Lair.
 14046 | D:11     | Found Secuyti's Armour Shop.
 14063 | D:11     | Noticed a two-headed ogre
 14072 | D:11     | Killed a two-headed ogre
 14073 | D:11     | Reached skill level 5 in Invocations
 14073 | D:11     | Reached XP level 12. HP: 113/128 MP: 15/15
 14336 | D:11     | Noticed a two-headed ogre
 14346 | D:11     | Killed a two-headed ogre
 14347 | D:11     | Reached skill level 12 in Maces & Flails
 14554 | D:11     | Noticed a boulder beetle
 14567 | D:11     | Killed a boulder beetle
 15104 | D:11     | Noticed a boulder beetle
 15121 | D:11     | Killed a boulder beetle
 15121 | D:11     | Received a gift from Okawaru
 15231 | D:11     | Noticed a five-headed hydra
 15238 | D:11     | Killed a five-headed hydra
 15410 | D:11     | Noticed a death yak
 15410 | D:11     | Noticed a death yak
 15425 | D:11     | Killed a death yak
 15435 | D:11     | Identified the +1 robe "Rueza" {Dex+3} (Okawaru gifted it
                  | to you on level 11 of the Dungeon)
 15435 | D:11     | Received a gift from Okawaru
 15447 | D:11     | Killed a death yak
 17165 | Lair:1   | Entered Level 1 of the Lair of Beasts
 17331 | Lair:1   | Reached skill level 13 in Maces & Flails
 17724 | Lair:1   | Reached XP level 13. HP: 96/137 MP: 18/18
 18161 | Lair:1   | Identified the +5 hunting sling "Jeromuhu" {speed, rElec
                  | rN++} (Okawaru gifted it to you on level 1 of the Lair of
                  | Beasts)
 18161 | Lair:1   | Received a gift from Okawaru
 18176 | Lair:1   | Learned a level 3 spell: Frozen Ramparts
 19802 | Lair:2   | Received a gift from Okawaru
 20175 | Lair:2   | Reached skill level 5 in Armour
 21128 | Lair:3   | Reached skill level 14 in Maces & Flails
 21385 | Lair:3   | Found a staircase to the Snake Pit.
 21406 | Lair:3   | Received a gift from Okawaru
 21476 | Lair:3   | Found a staircase to the Swamp.
 21482 | Lair:3   | Identified the +1 robe "Oxyvy" {Harm rF+} (Okawaru gifted
                  | it to you on level 3 of the Lair of Beasts)
 21482 | Lair:3   | Received a gift from Okawaru
 21490 | Lair:3   | Noticed Nergalle
 21503 | Lair:3   | Killed Nergalle
 22429 | Lair:3   | Reached XP level 14. HP: 111/150 MP: 20/20
 23224 | Lair:4   | Identified the +1 animal skin of Midsummer {rN+} (Okawaru
                  | gifted it to you on level 4 of the Lair of Beasts)
 23224 | Lair:4   | Received a gift from Okawaru
 23240 | Lair:4   | HP: 4/153 [rime drake/flash freeze (16)]
 24674 | Lair:5   | Reached skill level 15 in Maces & Flails
 26256 | Lair:6   | Entered Level 6 of the Lair of Beasts
 26376 | Lair:6   | Reached skill level 1 in Ice Magic
 26887 | Lair:6   | Reached skill level 10 in Invocations
 27631 | Lair:6   | Received a gift from Okawaru
 27911 | Lair:6   | Identified the +5 spear of Mayhem {vamp, rPois rCorr Str+3
                  | Dex-5}
 27962 | Lair:6   | Received a gift from Okawaru
 28682 | Lair:5   | Found a staircase to the Slime Pits.
 28695 | Lair:5   | Reached XP level 15. HP: 111/162 MP: 22/22
 28944 | Swamp:1  | Entered Level 1 of the Swamp
 29132 | Swamp:1  | Noticed a thorn hunter
 29141 | Swamp:1  | Killed a thorn hunter
 29410 | Swamp:1  | HP: 6/163 [alligator[an alligator] (17)]
 29410 | Swamp:1  | Constricted to death by a shambling mangrove

Illustrated notes

Levels and vault maps discovered:
D:1:      heliophobic_arrival_dark_side_of_the_moon, layout_basic
D:2:      layout_loops_ring, shapermc_ecumenical_altar_gd,
          hangedman_decor_growths, grunt_decor_fettered, uniq_jessica
D:3:      layout_rooms, kennysheep_small_spiral
D:4:      layout_basic, overflow_temple_1_default, mainiacjoe_overflow_alcove_1,
          minmay_temple_entry_large_hall
D:5:      layout_basic, mainiacjoe_overflow_tiny_flanked, serial_shops,
          nicolae_shop_overgrown_old_shop, serial_co_window_serial,
          co_window_paths_b, co_window_paths_a, co_window_of_opportunity_a,
          co_window_paths_a, co_window_paths_b, co_window_corner_a,
          co_window_paths_a, co_window_corner_ca, co_window_unsneaky_path_b,
          co_window_corner_cb, co_window_paths_e
D:6:      layout_cave_pools, fiery_altar_vehumet, slow_altar_1, enter_ossuary_5,
          lexackson_kobold_supper
D:7:      layout_basic, biasface_ghost_orc_armoury, nicolae_shop_fire_sale
          [nicolae_sub_dead_trees], kennysheep_generic_room_15
D:8:      layout_basic, lemuel_round_altar, nicolae_straight_to_the_point,
          uniq_harold
D:9:      layout_cave_pools, chequers_temple_overflow_statue_of_worship,
          mainiacjoe_overflow_concentric_impassable, serial_shops, shop,
          uniq_joseph
D:10:     layout_cross, dpeg_lair_monsters
D:11:     dreamdust_isle_of_ice, layout_basic, serial_shops, shop_fountains
Temple:   dshaligram_water_room_temple
Lair:1:   layout_chaotic_city
Lair:2:   hellmonk_destroyed_diamonds, layout_cave_pods
Lair:3:   layout_cave_pods, minmay_swamp_entry_swarm,
          guppyfry_snake_entry_garden, special_room [special_room_bee],
          uniq_nergalle
Lair:4:   layout_cave_pods, grunt_megastairs_4
Lair:5:   layout_small_grid, minmay_slime_entry_oklob_enclosed, st_stairs_8
Lair:6:   grunt_lair_end_beastmaster, layout_regular_city,
          grunt_forest_stairs_basic
Swamp:1:  layout_basic_swamp, nicolae_swamp_trees_clearing

Skill      XL: |  1  2  3  4  5  6  7  8  9 10 11 12 13 14 15 |
---------------+----------------------------------------------+-----
Hexes          | 3 |  3.5
Dodging        | 2 3 4 5 6 7 8 |  8.1
Fighting       | 2 3 4 6 8 9 10 11 12 13 14 | 14.0
Throwing       | 3 4 6 |  6.2
Maces & Flails | 2 3 5 6 9 10 11 13 14 15 | 15.7
Invocations    | 2 5 7 9 10 | 10.4
Evocations     | 1 |  1.8
Armour         | 2 4 5 6 |  6.3
Ice Magic      | 4 |  4.3
Axes           | |  0.2
Spellcasting   | |  1.7
Transmutations | |  0.2

Action                   |  1- 3 |  4- 6 |  7- 9 | 10-12 | 13-15 || total
-------------------------+-------+-------+-------+-------+-------++-------
Melee: War axe           |    28 |       |       |       |       ||    28
       Flail             |    21 |    94 |   221 |   196 |       ||   532
       Unarmed           |     2 |       |       |     3 |       ||     5
       Punch             |     1 |     1 |     1 |     2 |       ||     5
       Great mace        |       |       |       |   292 |   711 ||  1003
       Giant spiked club |       |       |       |       |    24 ||    24
Throw: Large rock        |    19 |    21 |    10 |    32 |       ||    82
       Throwing net      |       |       |     3 |     3 |       ||     6
       Dart              |       |       |       |     4 |       ||     4
 Cast: Slow              |     2 |       |       |       |       ||     2
       Passwall          |       |       |       |     2 |     1 ||     3
Invok: Heroism           |       |       |       |    11 |    14 ||    25
       Finesse           |       |       |       |     2 |     8 ||    10
Evoke: Wand              |       |       |       |    23 |     5 ||    28
  Use: Scroll            |       |       |     9 |     8 |    18 ||    35
       Potion            |       |       |       |     8 |    11 ||    19
 Stab: Sleeping          |       |     1 |     2 |       |       ||     3
       Distracted        |       |       |       |       |     1 ||     1
Armor: Robe              |    15 |    28 |    29 |    50 |       ||   122
       Swamp dragon scal |       |       |       |    63 |   249 ||   312
       Troll leather arm |       |       |       |     7 |       ||     7
Dodge: Dodged            |    51 |    81 |   160 |   416 |   587 ||  1295
